 Dungeon Crawl Stone Soup version 0.13.0-26-gf7ffa3a (webtiles) character file.

97729 Kae the Bludgeoner (level 15, -6/130 HPs)
             Began as a Minotaur Berserker on Oct 30, 2013.
             Was a High Priest of Trog.
             Killed from afar by a starcursed mass (8 damage)
             ... with an accursed screaming
             ... on Level 1 of the Abyss.
             The game lasted 01:22:43 (24074 turns).

Kae the Bludgeoner (Minotaur Berserker)            Turns: 24074, Time: 01:22:44

HP  -6/130       AC 22     Str 25      XL: 15   Next: 67%
MP   6/6         EV  8     Int  6      God: Trog [*****.]
Gold 1869        SH  0     Dex 11      Spells:  0 memorised, 14 levels left

Res.Fire  : . . .   See Invis. : .   e - +6,+5 great mace (antimagic)
Res.Cold  : + + .   Warding    : .   Z - +0 dwarf plate armour
Life Prot.: . . .   Conserve   : +   (no shield)
Res.Poison: +       Res.Corr.  : .   Y - +0 cap {rC+}
Res.Elec. : .       Clarity    : .   h - +2 elf cloak {rPois}
Sust.Abil.: . .     Spirit.Shd : .   t - +0 pair of elf gauntlets
Res.Mut.  : .       Rnd.Telep. : +   A - +2 pair of boots
Res.Rott. : .       Flight     : .   y - amulet of conservation
Saprovore : . . .                    g - ring of flight
                                     r - ring of protection from cold

@: exhausted, slowed, very slow, somewhat resistant to hostile enchantments,
extremely unstealthy
A: retaliatory headbutt, horns 2, berserk 1, carnivore 1, deformed body, -10%
mp, spit poison 1, teleportitis 1
a: Spit Poison, Burn Spellbooks, Berserk, Trog's Hand, Brothers in Arms,
Renounce Religion, Evoke Flight


You were on level 1 of the Abyss.
You worshipped Trog.
Trog was extremely pleased with you.
You were near starving.

You visited 3 branches of the dungeon, and saw 25 of its levels.
You visited the Abyss 1 time.
You also visited: Labyrinth and Ice Cave.

You collected 2311 gold pieces.
You spent 462 gold pieces at shops.

Inventory:

Hand weapons
 b - a +0,+2 dire flail of holy wrath
 e - a +6,+5 anti-magic great mace (weapon)
 Q - a +0,+5 dire flail of protection
 X - the -1,+5 flail "Noucoex" {venom, rElec rF+}
   (Trog gifted it to you on level 2 of the Orcish Mines)

   It poisons the flesh of those it strikes.
   It protects you from fire.
   It insulates you from electricity.
Armour
 h - a +2 elven cloak of poison resistance (worn)
 l - the +7 plate armour of Midwinter {+Blink +Rage rElec rPois, unknown}
   (You found it on level 1 of the Abyss)

   It insulates you from electricity.
   It protects you from poison.
   It lets you blink.
   It lets you go berserk.
 t - a +0 pair of elven gauntlets (worn)
 v - a +2 cloak of cold resistance
 A - a +2 pair of boots (worn)
 Y - a +0 cap of cold resistance (worn)
 Z - a +0 dwarven plate armour (worn)
Magical devices
 f - a wand of digging (9)
 p - a wand of teleportation (6)
 J - a wand of teleportation (6)
 W - a wand of disintegration (5)
Comestibles
 c - 9 bread rations
 o - a pear
 B - 6 grapes
 K - a sausage
 M - 5 royal jellies
 S - 2 cheeses
 T - 6 meat rations
Scrolls
 d - a scroll of magic mapping
 i - a scroll of acquirement
 k - 3 scrolls of identify
 C - 4 scrolls of remove curse
 L - 2 scrolls of silence
 N - a scroll of fog
Jewellery
 a - an uncursed ring of positive energy
 g - a ring of flight (right hand)
 m - an uncursed ring of regeneration
 q - an uncursed ring of see invisible
 r - a ring of protection from cold (left hand)
 s - an uncursed ring of magical power
 y - an amulet of conservation (around neck)
Potions
 j - 2 potions of agility
 n - 5 potions of curing
 w - a potion of berserk rage
 x - 4 potions of restore abilities
 D - 2 potions of flight
 I - a potion of porridge
 R - 3 potions of might
 U - 3 potions of resistance


   Skills:
 + Level 13.0 Fighting
 * Level 20.3 Maces & Flails
 + Level 16.3 Armour
 + Level 11.6 Dodging
 * Level 7.4 Evocations


You had 14 spell levels left.
You didn't know any spells.

Dungeon Overview and Level Annotations

Branches:
Dungeon (13/27)            Temple (0/1) D:6             Orc (4/4) D:7
    Elf (0/3) Orc:3          Lair (8/8) D:10          Swamp (0/5) Lair:6
  Snake (0/5) Lair:4        Slime (0/6) Lair:7

Altars:
Cheibriados
Nemelex Xobeh
Trog
Jiyva

Shops:
D:6 %   D:7 =   D:10 *   Orc:1 *(=


Innate Abilities, Weirdness & Mutations

You reflexively headbutt those who attack you in melee.
You have a pair of horns on your head.
You tend to lose your temper in combat.
Your digestive system is specialised to digest meat.
Armour fits poorly on your strangely shaped body.
Your magical capacity is low (-10% MP).
You can spit poison.
Space occasionally distorts in your vicinity.


Message History

You feel your anger subside.
You are no longer berserk.
You are exhausted.
You feel yourself slow down.
You are near starving!
Found a scroll of noise.
Found a pear.
Your skin is crawling a little less now.
A starcursed mass A starcursed mass splits.
Tentacles burst from the starspawn's body!
Your skin stops crawling.
You feel less resistant to hostile enchantments.
The orange demon stings you but does no damage.
A chorus of shrieks assaults your mind.
* * * LOW HITPOINT WARNING * * *
The orange demon stings you from afar!
* * * LOW HITPOINT WARNING * * *
The starcursed mass shrieks in your mind.
You die...

... . ....
###.##..# ..
.#.##..##.
#.........
#........
###..##..# #
#..#.##..##..##.
#....@........
##.4..........
##.##..##..##
#..##..##..##
##..X.......
#......... .
#X##..##..# #
##X##..##. ##.
..#.**.....w...
.


You could see a starcursed mass and an orange demon.

Vanquished Creatures
  2 bone dragons (Abyss:1)
  A tentacled monstrosity (Abyss:1)
  A frost giant (IceCv)
  A tentacled starspawn (Abyss:1)
  A minotaur (Lab)
  3 hydras
  Fannar (Lair:1)
  A ravenous feature mimic (Lair:8)
  Josephine (Orc:4)
  Erica (D:12)
  9 death yaks (Lair:8)
  Urug (D:11)
  A thrashing horror (Abyss:1)
  The ghost of Impy the Nimble, an experienced DsGl of Okawaru (D:10)
  Nergalle (D:11)
  Erolcha (D:12)
  5 catoblepae
  A spatial maelstrom (Abyss:1)
  12 large abominations (Abyss:1)
  An ice statue (IceCv)
  A lindwurm (Lair:8)
  4 hill giants
  Pikel (D:6)
  An orc sorcerer (Orc:4)
  4 cyclopes
  2 orc knights
  The ghost of MackTheKnife the Transmogrifier, a powerful NaTm of Okawaru (D:11)
  A griffon (Lair:7)
  A sphinx skeleton (D:13)
  A sixfirhy (Abyss:1)
  A guardian serpent (Abyss:1)
  3 apocalypse crabs (Abyss:1)
  3 slime creatures (D:13)
  9 black mambas
  12 spiny frogs
  5 smoke demons (Abyss:1)
  Psyche (D:9)
  A feature mimic (D:13)
  3 orange demons (Abyss:1)
  2 hellwings (Abyss:1)
  6 komodo dragons
  A silent spectre (Abyss:1)
  An ancient zyme (Abyss:1)
  15 polar bears
  2 efreet (Abyss:1)
  Sonja (Orc:4)
  A blue devil (Orc:4)
  5 trolls
  A fire drake (Lair:2)
  Prince Ribbit (Lair:1)
  12 two-headed ogres
  A boulder beetle (Lair:8)
  The ghost of Czerbonog the Slasher, an average DsSk (D:5)
  23 blink frogs
  3 ugly things
  A basilisk (D:13)
  A shadow (D:11)
  2 wraiths
  42 yaks
  2 hill giant zombies
  An elephant slug (Lair:5)
  Eustachio (D:9)
  Grum (Orc:3)
  5 manticores
  19 wolves
  2 neqoxecs (Abyss:1)
  A shark (Lair:7)
  9 hippogriffs
  3 swamp worms (Lair:7)
  A mottled dragon (D:9)
  10 ice beasts
  4 small abominations (Abyss:1)
  9 porcupines
  14 orc warriors
  4 sky beasts
  4 slaves (D:6)
  2 phantoms
  10 ogres
  3 black bears
  5 centaurs
  7 crocodiles
  4 giant slugs
  3 big kobolds
  An earth elemental (Abyss:1)
  9 giant frogs
  A warg (Orc:2)
  2 brain worms (Lair:7)
  A manticore zombie (D:12)
  8 agate snails
  11 water moccasins
  A cyclops zombie (D:10)
  A cyclops skeleton (D:13)
  2 eyes of draining
  A manticore skeleton (D:11)
  A yak zombie (D:13)
  5 wights (D:8)
  16 killer bees
  An electric eel (Lair:6)
  2 jellyfish (Lair:7)
  A hippogriff skeleton (D:13)
  9 crimson imps
  A big fish (Lair:7)
  18 orc priests
  5 starcursed masses (Abyss:1)
  5 goliath beetles
  3 giant frog zombies
  2 iron imps (Abyss:1)
  9 jellies
  4 spectral orcs (D:11)
  14 iguanas
  20 orc wizards
  2 scorpions
  11 hounds
  14 worker ants
  A killer bee zombie (D:9)
  25 sheep
  A mottled dragon skeleton (D:13)
  A big kobold skeleton (D:13)
  An ogre skeleton (Orc:4)
  A hound skeleton (D:4)
  3 mummies
  2 lemures
  10 gnolls
  2 giant centipedes
  51 green rats
  4 giant mites
  24 adders
  16 white imps
  A goliath beetle zombie (D:12)
  A shadow imp (Abyss:1)
  14 worms
  5 ufetubi (Abyss:1)
  A giant centipede zombie (D:12)
  8 giant geckos
  5 oozes (D:9)
  127 orcs
  5 ball pythons
  18 bats
  8 giant cockroaches
  16 hobgoblins
  22 jackals
  23 kobolds
  13 quokkas
  4 giant newts
  A giant spore (D:11)
  12 goblins
  A hobgoblin skeleton (D:5)
  A hobgoblin zombie (Orc:4)
  A lurking horror (Abyss:1)
  An orc skeleton (Orc:4)
  An orc zombie (Orc:4)
  17 rats
  A rat zombie (D:6)
  A plant (D:2)
978 creatures vanquished.

Vanquished Creatures (collateral kills)
  The ghost of temujin the Severer, a powerful GrBe of Trog (Orc:4)
  An ogre mage (Orc:4)
  A two-headed ogre (Orc:4)
  3 ogres (Orc:4)
6 creatures vanquished.

Vanquished Creatures (others)
  A giant firefly (shapeshifter) (D:13)
  Sigmund (D:2)
  A brain worm simulacrum (Abyss:1)
  5 fungi (Lair:8)
  11 starspawn tentacles (Abyss:1)
  110 starspawn tentacle segments (Abyss:1)
129 creatures vanquished.

Grand Total: 1113 creatures vanquished

Notes
Turn   | Place    | Note
--------------------------------------------------------------
     0 | D:1      | Kae, the Minotaur Berserker, began the quest for the Orb.
     0 | D:1      | Reached XP level 1. HP: 19/19 MP: 0/0
    65 | D:1      | Reached skill level 4 in Maces & Flails
   154 | D:1      | Reached XP level 2. HP: 19/26 MP: 0/0
   392 | D:1      | Acquired Trog's second power
   441 | D:1      | Reached skill level 5 in Maces & Flails
   684 | D:2      | Noticed Sigmund
   685 | D:2      | Reached XP level 3. HP: 21/33 MP: 1/1
   701 | D:2      | Killed Sigmund
   701 | D:2      | Reached skill level 6 in Maces & Flails
   701 | D:2      | Reached XP level 4. HP: 39/39 MP: 1/1
  1181 | D:3      | Reached XP level 5. HP: 46/46 MP: 1/1
  1245 | D:3      | Reached skill level 7 in Maces & Flails
  1543 | D:3      | Found a bloodstained altar of Trog.
  2324 | D:4      | Reached skill level 8 in Maces & Flails
  2332 | D:4      | Reached XP level 6. HP: 48/52 MP: 2/2
  2483 | D:4      | Reached skill level 9 in Maces & Flails
  2568 | D:4      | Found a sparkling altar of Nemelex Xobeh.
  2571 | D:4      | Found a snail-covered altar of Cheibriados.
  2655 | D:4      | Reached XP level 7. HP: 59/59 MP: 2/2
  2886 | D:5      | Entered Level 5 of the Dungeon
  2915 | D:5      | Noticed Czerbonog's ghost (average DsSk)
  2935 | D:5      | Killed Czerbonog's ghost
  2935 | D:5      | Reached skill level 10 in Maces & Flails
  2969 | D:5      | Reached skill level 11 in Maces & Flails
  3019 | D:5      | Acquired Trog's third power
  3044 | D:5      | Got a warped ring mail
  3063 | D:5      | Identified the +1 ring mail "Zoiku" {Int+5} (You found it on level 5 of the Dungeon)
  3133 | D:5      | Reached XP level 8. HP: 62/66 MP: 2/2
  3307 | D:6      | Reached skill level 12 in Maces & Flails
  3407 | D:6      | Noticed Pikel
  3489 | D:6      | Killed Pikel
  3489 | D:6      | Reached skill level 13 in Maces & Flails
  3593 | D:6      | Found Reevanosh's Food Shop.
  3853 | D:6      | Reached XP level 9. HP: 66/72 MP: 3/3
  3911 | D:6      | Found a staircase to the Ecumenical Temple.
  4072 | D:7      | Reached skill level 14 in Maces & Flails
  4342 | D:7      | Found a staircase to the Orcish Mines.
  4398 | D:7      | Found Uniapo Ziuh's Jewellery Emporium.
  5190 | D:8      | Reached skill level 15 in Maces & Flails
  5683 | D:9      | Noticed Eustachio
  5692 | D:9      | Reached skill level 16 in Maces & Flails
  5714 | D:9      | Killed Eustachio
  5909 | D:9      | Reached XP level 10. HP: 73/79 MP: 3/3
  6208 | D:9      | Noticed Psyche
  6216 | D:9      | Killed Psyche
  6216 | D:9      | Reached skill level 17 in Maces & Flails
  6701 | D:10     | Entered Level 10 of the Dungeon
  6719 | D:10     | Noticed Impy's ghost (experienced DsGl)
  6858 | D:10     | Killed Impy's ghost
  6951 | D:10     | Found a staircase to the Lair.
  6966 | D:10     | Reached skill level 18 in Maces & Flails
  7137 | D:10     | Received a gift from Trog
  7171 | D:10     | Found Twiefik's Assorted Antiques.
  7182 | D:10     | Bought a scroll labeled CLAXZY SCHURU for 31 gold pieces
  7182 | D:10     | Bought a scroll labeled SCHENG SCHIF HAS for 31 gold pieces
  7450 | D:10     | Found a sparkling altar of Nemelex Xobeh.
  7602 | D:11     | Reached XP level 11. HP: 64/84 MP: 3/3
  7676 | D:11     | Noticed Nergalle
  7693 | D:11     | Killed Nergalle
  7945 | D:11     | Reached skill level 19 in Maces & Flails
  8000 | D:11     | Noticed a cyclops
  8021 | D:11     | Killed a cyclops
  8021 | D:11     | Reached skill level 5 in Armour
  8184 | D:11     | Noticed MackTheKnife's ghost (powerful NaTm)
  8203 | D:11     | Killed MackTheKnife's ghost
  8232 | D:11     | Reached skill level 5 in Fighting
  8447 | D:11     | Noticed Urug
  8463 | D:11     | Killed Urug
  8757 | D:12     | Noticed a hill giant
  8761 | D:12     | Killed a hill giant
  8945 | D:12     | Reached skill level 5 in Dodging
  9060 | D:12     | Noticed Erica
  9077 | D:12     | Killed Erica
  9286 | D:12     | Noticed Erolcha
  9293 | D:12     | Paralysed by Erolcha for 6 turns
  9301 | D:12     | Killed Erolcha
  9724 | D:13     | Noticed a hill giant
  9744 | D:12     | Reached XP level 12. HP: 84/96 MP: 4/4
  9995 | D:12     | Gained mutation: You can spit poison. [potion of beneficial mutation]
 10002 | D:13     | Killed a hill giant
 10354 | D:13     | Received a gift from Trog
 10396 | D:13     | Got a steaming great mace {god gift}
 10397 | D:13     | Identified the great mace "Nyovoezi" {god gift, freeze, *Tele Int+3 Stlth++} (Trog gifted it to you on level 13 of the Dungeon)
 10578 | D:13     | Noticed a hill giant
 10585 | D:13     | Killed a hill giant
 10585 | D:13     | Reached skill level 10 in Armour
 10700 | D:13     | Noticed a hill giant
 10707 | D:13     | Killed a hill giant
 11218 | Lair:1   | Entered Level 1 of the Lair of Beasts
 11302 | Lair:1   | Received a gift from Trog
 11410 | Lair:1   | Noticed Prince Ribbit
 11413 | Lair:1   | Killed Prince Ribbit
 11654 | Lair:1   | Noticed Fannar
 11663 | Lair:1   | Killed Fannar
 12032 | Lair:2   | Reached XP level 13. HP: 100/107 MP: 4/4
 12126 | Lair:2   | Received a gift from Trog
 13261 | Lair:4   | Found a labyrinth entrance.
 13298 | Lab      | Entered a labyrinth
 14024 | Lair:4   | Found a staircase to the Snake Pit.
 14039 | Lair:4   | Reached skill level 10 in Fighting
 15014 | Lair:6   | Received a gift from Trog
 15060 | Lair:6   | Found a staircase to the Swamp.
 15375 | Lair:6   | Received a gift from Trog
 16260 | Lair:7   | Found a staircase to the Slime Pits.
 16372 | Lair:7   | Received a gift from Trog
 16473 | Lair:7   | Reached skill level 10 in Dodging
 16616 | Lair:8   | Entered Level 8 of the Lair of Beasts
 16620 | Lair:8   | Reached XP level 14. HP: 119/119 MP: 1/4
 16763 | Lair:8   | Reached skill level 15 in Armour
 17447 | Lair:8   | Reached skill level 1 in Evocations
 17491 | Lair:8   | Received a gift from Trog
 17609 | Lair:8   | Found a viscous altar of Jiyva.
 17610 | Lair:8   | Found a staircase to the Slime Pits.
 17821 | Lair:8   | the staircase to the Slime Pits was a mimic.
 18208 | Orc:1    | Entered Level 1 of the Orcish Mines
 18208 | Orc:1    | Found Igim's Antique Weapon Emporium.
 18360 | Orc:1    | Found Ilurauce's Assorted Antiques.
 18753 | Orc:1    | Found Vujaruj's Jewellery Boutique.
 18768 | Orc:1    | Found a frozen archway.
 18790 | Orc:1    | Bought an uncursed ring of protection from cold for 400 gold pieces
 18802 | IceCv    | Entered an ice cave
 18815 | IceCv    | Received a gift from Trog
 19046 | IceCv    | Noticed a frost giant
 19071 | IceCv    | Killed a frost giant
 19999 | Orc:2    | Received a gift from Trog
 20098 | Orc:2    | Got a crystal flail {god gift}
 20100 | Orc:2    | Identified the flail "Noucoex" {god gift, venom, rElec rF+} (Trog gifted it to you on level 2 of the Orcish Mines)
 20156 | Orc:3    | Noticed Grum
 20175 | Orc:3    | Killed Grum
 20276 | Orc:3    | Found a staircase to the Elven Halls.
 20465 | Orc:3    | Received a gift from Trog
 20775 | Orc:4    | Entered Level 4 of the Orcish Mines
 20843 | Orc:4    | Noticed Josephine
 20852 | Orc:4    | Killed Josephine
 20963 | Orc:4    | Noticed Sonja
 20990 | Orc:4    | Killed Sonja
 21012 | Orc:4    | Gained mutation: Your digestive system is specialised to digest meat. [potion of beneficial mutation]
 21039 | Orc:4    | Reached skill level 5 in Evocations
 21306 | Orc:4    | Noticed temujin's ghost (powerful GrBe)
 21313 | Orc:4    | Received a gift from Trog
 21334 | Orc:4    | Killed temujin's ghost
 21334 | Orc:4    | Reached XP level 15. HP: 48/129 MP: 0/18
 21356 | Orc:4    | Cast into the Abyss (ogre mage)
 21586 | Abyss:1  | Found a viscous altar of Jiyva.
 21611 | Abyss:1  | Found a bloodstained altar of Trog.
 21683 | Abyss:1  | Noticed a bone dragon
 21789 | Abyss:1  | Paralysed by accursed screaming for 2 turns
 21840 | Abyss:1  | HP: 2/129 [starcursed mass/accursed screaming (6)]
 22098 | Abyss:1  | Paralysed by accursed screaming for 1 turns
 22243 | Abyss:1  | Gained mutation: Armour fits poorly on your strangely shaped body. [a neqoxec]
 22419 | Abyss:1  | Noticed a bone dragon
 22431 | Abyss:1  | Killed a bone dragon
 22485 | Abyss:1  | Killed a bone dragon
 23511 | Abyss:1  | Reached skill level 20 in Maces & Flails
 23559 | Abyss:1  | Gained mutation: You tend to lose your temper in combat. [a neqoxec]
 23560 | Abyss:1  | Gained mutation: Space occasionally distorts in your vicinity. [a neqoxec]
 23586 | Abyss:1  | Gained mutation: Your magical capacity is low (-10% MP). [a neqoxec]
 23602 | Abyss:1  | Noticed a tentacled monstrosity
 23613 | Abyss:1  | Killed a tentacled monstrosity
 23692 | Abyss:1  | Got a faintly humming plate armour
 23987 | Abyss:1  | Found a corrupted altar of Lugonu.
 24053 | Abyss:1  | HP: 4/195 [tentacled starspawn (27)]
 24073 | Abyss:1  | HP: 2/130 [orange demon (7)]
 24074 | Abyss:1  | Killed from afar by a starcursed mass

Action                   |  1- 3 |  4- 6 |  7- 9 | 10-12 | 13-15 || total
-------------------------+-------+-------+-------+-------+-------++-------
Melee: Mace              |    59 |     4 |       |       |       ||    63
       Whip              |       |   267 |   562 |    20 |       ||   849
       Flail             |       |       |       |   148 |       ||   148
       Dire flail        |       |       |       |   581 |    53 ||   634
       Great mace        |       |       |       |    70 |  1414 ||  1484
Invok: Trog's Hand       |     1 |     2 |     3 |     9 |    25 ||    40
       Berserk           |     1 |       |     2 |     3 |     4 ||    10
       Burn Spellbooks   |       |     1 |       |       |     2 ||     3
       Brothers in Arms  |       |       |       |       |     1 ||     1
 Abil: Evoke Flight      |       |       |       |       |     4 ||     4
Evoke: Wand              |       |       |     2 |     7 |    10 ||    19
  Use: Scroll            |     3 |     1 |    14 |    23 |    25 ||    66
       Potion            |       |       |       |     1 |    12 ||    13
 Stab: Sleeping          |       |       |     1 |       |       ||     1
       Distracted        |       |       |     1 |       |     1 ||     2
